 Dungeon Sprint DCSS version 0.20-a0-754-g13ddd6e (webtiles) character file.

41 Gorglomux the Conjurer (level 3, -4/21 HPs)
             Began as a Deep Elf Conjurer on Feb 26, 2017.
             Was an Initiate of Vehumet.
             Killed from afar by an orc wizard (13 damage)
             ... with a puff of frost
             ... in the Dungeon (Sprint V: "Ziggurat Sprint").
             The game lasted 00:03:38 (194 turns).

Gorglomux the Conjurer (Deep Elf Conjurer)           Turns: 194, Time: 00:03:39

Health: -4/21      AC: 13    Str:  5    XL:     3   Next: 32%
Magic:  12/12      EV:  4    Int: 20    God:    Vehumet [......]
Gold:   0          SH:  0    Dex: 15    Spells: 10/14 levels left

rFire    + + .     SeeInvis .   r - +7 longbow "Piercer" {penet, EV-2}
rCold    x . .     Gourm    .   C - +5 fire dragon scales
rNeg     . . .     Faith    .   (shield currently unavailable)
rPois    .         Spirit   .   (no helmet)
rElec    .         Reflect  .   (no cloak)
rCorr    .         Harm     .   (no gloves)
MR       .....     NoTele   +   (no boots)
Stlth    +.........             (no amulet)
Regen    0.1/turn               (no ring)
MPRegen  0.2/turn               (no ring)

@: no status effects
A: no striking features
a: Renounce Religion


You were in the Dungeon.
You worshipped Vehumet.
Vehumet was noncommittal.
You were not hungry.

You visited 1 branch

Inventory:

Hand Weapons
 a - the +9 heavy crossbow "Sniper" {velocity, Acc+∞ SInv}
   (You found it in the Dungeon)

   Any bolt fired from it inflicts extra damage.
   It lets you see invisible.
 b - the +8 lance "Wyrmbane" {slay drac, rPois rF+ rC+ AC+3}
   (You found it in the Dungeon)

   It affects your AC (+3).
   It protects you from fire.
   It protects you from cold.
   It protects you from poison.
 r - the +7 longbow "Piercer" (weapon) {penet, EV-2}
   (You found it in the Dungeon)

   Ammo fired by it will pass through the targets it hits, potentially hitting
   all targets in its path until it reaches maximum range.
   It affects your evasion (-2).
 v - the +6 Majin-Bo {vamp, Archmagi MP+6 Int+6}
   (You found it in the Dungeon)

   It inflicts no extra harm, but heals its wielder when it wounds a living foe.
   It affects your intelligence (+6).
   It affects your magic capacity (+6).
Missiles
 t - 1000 sling bullets
 u - 998 arrows (quivered)
Armour
 s - a +0 robe
 C - +5 fire dragon scales (worn)
 D - a +3 shield
Magical Staves
 O - an uncursed staff of energy
 Y - an uncursed staff of fire
Jewellery
 l - an uncursed ring of flight
 y - a +6 ring of strength
 z - a +6 ring of strength
 J - a +6 ring of intelligence
 K - a +6 ring of intelligence
 M - a +6 ring of dexterity
 N - a +6 ring of dexterity
Wands
 A - a wand of acid (5/15)
 I - a wand of iceblast (5/15)
 L - a wand of lightning (5/15)
Scrolls
 B - 4 scrolls of blinking
 G - 3 scrolls of recharging
 H - 7 scrolls of fog
 P - a scroll of holy word
 R - 5 scrolls of identify
 S - 5 scrolls of remove curse
 T - 2 scrolls of fear
 U - 4 scrolls of amnesia
Potions
 d - 10 potions of curing
 e - 10 potions of heal wounds
 f - 6 potions of haste
 g - 7 potions of magic
 h - 3 potions of berserk rage
 Q - 5 potions of might
 V - 2 potions of brilliance
 W - 2 potions of invisibility
 X - 4 potions of resistance
 Z - 5 potions of agility
Books
 w - a book of Conjurations

   Spells                             Type                      Level
   a - Magic Dart                     Conjuration                  1
   b - Searing Ray                    Conjuration                  2
   c - Dazzling Spray                 Conjuration/Hexes            3
   d - Fulminant Prism                Conjuration/Hexes            4
   e - Force Lance                    Conjuration/Translocation    4
   f - Iskenderun's Mystic Blast      Conjuration                  4
Miscellaneous
 x - a lightning rod (4/4)
Comestibles
 c - 5 bread rations
 E - 42 fruits
 F - 4 meat rations


   Skills:
 - Level 2.3 Fighting
 - Level 1.9 Bows
 - Level 4.4 Dodging
 - Level 4.8 Stealth
 + Level 6.4 Spellcasting
 + Level 6.6 Conjurations


You had 10 spell levels left.
You knew the following spells:

 Your Spells              Type           Power        Failure   Level  Hunger
a - Magic Dart            Conj           ####         34%         1    None
q - Dazzling Spray        Conj/Hex       ###...       100%        3    ##.....


Dungeon Overview and Level Annotations

Branches:
Dungeon (1/1)

Altars:
Ashenzari
Cheibriados
Dithmenos
Elyvilon
Fedhas
Gozag
Hepliaklqana
Kikubaaqudgha
Makhleb
Nemelex Xobeh
Okawaru
Qazlal
Ru
Sif Muna
Trog
Uskayaw
Vehumet
Xom
Yredelemnul
Zin
The Shining One
Beogh
Jiyva
Lugonu


Message History

r - the +7 longbow "Piercer" (weapon)
{penet, EV-2} Firing (i - inventory):
u - 1000 arrows (quivered)
Press: ? - help, Shift-Dir - straight line, f/p - orc priest
Aim: an orc priest, wielding the +8 flail "Meshryth" {venom, rElec} You shoot an arrow.
The arrow barely misses the orc priest.
The orc wizard casts a spell.
The orc wizard seems to speed up.
Firing (i - inventory):
u - 999 arrows (quivered)
Press: ? - help, Shift-Dir - straight line, f/p - orc priest
Aim: an orc priest, wielding the +8 flail "Meshryth" {venom, rElec} You shoot an arrow.
The arrow closely misses the orc priest.
The orc priest mumbles some strange prayers to Beogh against you.
Beogh smites you!
Ouch! That really hurt!
* * * LOW HITPOINT WARNING * * *
The orc wizard points at you and mumbles some strange words.
The puff of frost hits you!
You feel a terrible chill!
Ouch! That really hurt!
You die...

▓▓▓▓▓▓▓▓▓▓▓▓▓
▓.8©8.▓.8©8.▓
▓.[)..▓.....▓
▓.....▓.[...▓
▓.....▓.....▓
▓.ooo.▓.....▓
▓.....▓.....▓
▓..@..▓▓▓▓▓▓▓
▓▓▓▓▓▓▓


You could see an orc priest and 2 orc wizards.

Vanquished Creatures
  A crimson imp (D)
  A ball python zombie (D)
2 creatures vanquished.

Notes
Turn   | Place    | Note
-------+----------+-------------------------------------------
     0 | D        | Gorglomux the Deep Elf Conjurer began the quest for the Orb.
     0 | D        | Reached XP level 1. HP: 10/10 MP: 6/6
     3 | D        | Found a blossoming altar of Fedhas.
     7 | D        | Found a viscous altar of Jiyva.
     7 | D        | Found a hazy altar of Hepliaklqana.
     7 | D        | Found an ancient bone altar of Kikubaaqudgha.
     7 | D        | Found an opulent altar of Gozag.
     7 | D        | Found a corrupted altar of Lugonu.
     8 | D        | Found a burning altar of Makhleb.
     9 | D        | Found a sacrificial altar of Ru.
     9 | D        | Found a stormy altar of Qazlal.
     9 | D        | Found a deep blue altar of Sif Muna.
     9 | D        | Found an iron altar of Okawaru.
     9 | D        | Found a bloodstained altar of Trog.
     9 | D        | Found a sparkling altar of Nemelex Xobeh.
    23 | D        | Became a worshipper of Vehumet
    98 | D        | Reached skill level 1 in Bows
    98 | D        | Reached XP level 2. HP: 17/17 MP: 6/9
   127 | D        | Entered arena 1.
   127 | D        | Noticed a crimson imp
   144 | D        | Killed a crimson imp
   144 | D        | Reached skill level 6 in Spellcasting
   144 | D        | Reached skill level 6 in Conjurations
   144 | D        | Reached XP level 3. HP: 17/21 MP: 10/12
   151 | D        | Learned a level 3 spell: Dazzling Spray
   190 | D        | Entered arena 2.
   194 | D        | Killed from afar by an orc wizard

Vault maps used:
D:        sprint_v

Skill      XL: |  1  2 |
---------------+-------+-----
Fighting       | 2 |  2.3
Bows           | 1 |  1.9
Dodging        | 4 |  4.4
Stealth        | 4 |  4.8
Spellcasting   | 4 6 |  6.4
Conjurations   | 5 6 |  6.6

Action                   || total
-------------------------++-------
Melee: Lance             ||    15
 Fire: Longbow           ||     2
  Use: Potion            ||     1
Armor: Fire dragon scale ||     6
Block: Shield            ||     8
